Map: Simulacrum LE

Players

BaldEagle

  • Race: Terran Terran
  • League: Diamond
  • Spawn Location: 5:00

Hollow - Winner!

  • Race: Zerg Zerg
  • League: Master
  • Spawn Location: 11:00

VOD

Have the link to the VOD?

Description

Time

  • Played on: Dec. 3, 2019, 5:57 p.m.
  • Length: 13:19
Show
View Real Time Build Order
Export as new Build Order

BaldEagle Terran 

Build Orders: Reaper Expand 

Get SALT Encoding   

  12  0:00  SCV  
  13  0:13  SCV  
  14  0:17  Supply Depot  
  14  0:25  SCV  
  15  0:39  SCV, Barracks  
  16  0:45  Refinery  
  16  0:51  SCV  
  17  1:03  SCV  
  18  1:15  SCV  
  19  1:27  Orbital Command  
  19  1:28  Reaper  
  20  1:41  Command Center  
  20  1:49  Supply Depot  
  20  1:53  SCV  
  21  2:00  Barracks Reactor  
  21  2:05  SCV  
  22  2:16  Bunker  
  22  2:17  SCV  
  23  2:25  Factory  
  23  2:26  Refinery  
  23  2:29  SCV  
  24  2:37  Marine x2  
  24  2:41  SCV  
  27  2:54  Orbital Command, SCV  
  28  2:58  Marine  
  28  2:59  Marine  
  30  3:06  SCV  
  30  3:10  Factory Tech Lab  
  30  3:12  Starport  
  31  3:18  SCV  
  32  3:20  SCV  
  33  3:30  SCV  
  33  3:32  SCV  
  35  3:40  Hellion  
  35  3:41  Hellion, Stimpack  
  39  3:42  SCV  
  39  3:45  SCV  
  41  3:49  Barracks  
  41  3:54  SCV, Barracks  
  42  3:56  Starport Tech Lab  
  42  3:57  SCV  
  42  4:02  Hellion  
  45  4:05  Supply Depot  
  45  4:06  SCV  
  45  4:08  Supply Depot  
  46  4:13  Hellion, SCV  
  49  4:18  SCV  
  50  4:25  SCV  
  50  4:30  SCV  
  52  4:32  Marine  
  52  4:37  SCV  
  54  4:41  Supply Depot  
  54  4:42  SCV  
  54  4:43  Barracks Reactor  
  54  4:44  Barracks Reactor  
  55  4:46  Siege Tank  
  55  4:47  Medivac  
  55  4:49  SCV  
  61  4:55  SCV  
  62  5:01  Command Center, SCV  
  62  5:02  Marine  
  64  5:09  Supply Depot  
  64  5:12  Supply Depot  
  65  5:14  SCV  
  65  5:20  Combat Shield, Marine x2  
  65  5:21  Marine x2  
  69  5:22  Marine  
  69  5:23  Siege Tank  
  69  5:26  Refinery  
  69  5:28  Refinery, SCV  
  75  5:33  Engineering Bay  
  74  5:36  SCV  
  74  5:39  Engineering Bay  
  75  5:47  SCV  
  76  5:51  Marine x2  
  76  5:52  Marine x3  
  76  5:54  Medivac  
  83  6:00  SCV  
  84  6:05  Supply Depot  
  84  6:07  Terran Infantry Weapons Level 1  
  84  6:08  Terran Infantry Armor Level 1  
  84  6:09  Marine x2  
  86  6:14  Marine  
  87  6:18  Orbital Command  
  87  6:19  Marine x2  
  88  6:27  Marine x2  
  90  6:38  SCV x2  
  90  6:39  Concussive Shells, Marine  
  93  6:45  Barracks  
  93  6:46  Barracks  
  93  6:47  Barracks  
  93  6:50  SCV  
  93  6:58  SCV  
  93  6:59  SCV, Marine x5  
  93  7:00  Siege Tank  
  94  7:23  Orbital Command, SCV, Marine x2  
  94  7:24  Marine x2  
  94  7:26  Armory  
  99  7:32  Siege Tank  
  99  7:34  SCV  
  99  7:35  SCV  
  104  7:45  Marine x3  
  104  7:46  SCV  
  104  7:47  Barracks Reactor, SCV  
  104  7:48  Barracks Tech Lab, Barracks Reactor  
  104  7:49  Marauder  
  104  7:50  SCV  
  112  7:58  SCV  
  113  7:59  Supply Depot, SCV  
  113  8:02  Supply Depot  
  113  8:03  Supply Depot  
  113  8:04  Supply Depot, SCV  
  115  8:10  SCV  
  115  8:11  SCV  
  117  8:13  Terran Infantry Armor Level 2  
  117  8:20  SCV, Marine  
  117  8:21  Terran Infantry Weapons Level 2, Marauder x2  
  89  8:44  Marine  
  89  8:45  Marine x5  
  89  8:46  Marine x4  
  88  8:51  SCV x3  
  86  9:02  Siege Tank, Medivac x2, Marine x2  
  92  9:03  Marine x2  
  92  9:04  Terran Vehicle And Ship Armor Level 1, Marauder  
  92  9:08  Marine x2  
  92  9:09  Marauder  
  102  9:14  Marine x2  
  102  9:16  Command Center  
  104  9:20  Marine x3  
  104  9:21  Marine  
  104  9:24  Command Center  
  108  9:26  Marine, Marauder  
  108  9:31  SCV x2  
  113  9:32  Barracks  
  113  9:33  Medivac x2, Barracks  
  113  9:35  Factory  
  117  9:41  Siege Tank  
  117  9:42  Marine  
  117  9:43  Marine x5  
  126  9:46  Marine x2  
  126  9:48  Marine x2  
  130  9:53  SCV  
  130  9:54  SCV  
  130  9:55  SCV  
  133  10:00  Refinery, Marine x2  
  133  10:01  Refinery  
  133  10:02  Viking  
  133  10:04  Marine x2  
  133  10:06  SCV, Marine x2  
  133  10:07  Marine x2  
  144  10:16  Marine x2  
  144  10:18  Marine  
  144  10:20  Barracks Tech Lab x2  
  136  10:33  Marine x5  
  136  10:34  Marine x4  
  128  10:36  Marine  
  128  10:39  Marine  
  128  10:40  Marine  
  128  10:41  Siege Tank, Liberator x2  
  122  10:44  Factory Tech Lab  
  122  10:48  Orbital Command  
  119  10:51  Marine x3  
  119  10:56  Marine x5  
  119  10:57  Marine x4  
  118  10:58  Terran Vehicle Weapons Level 1  
  118  11:03  Fusion Core  
  126  11:10  Marine x2  
  126  11:11  Marine  
  128  11:12  Siege Tank  
  128  11:13  Siege Tank  
  128  11:14  Marine x4  
  135  11:24  Liberator  
  135  11:25  Planetary Fortress  
  135  11:27  SCV x3, Marine  
  135  11:28  Orbital Command, Marine x6  
  135  11:29  Marine  
  135  11:32  Marine x2  
  148  11:33  Marine x2  
  150  11:43  SCV  
  150  11:44  Thor  
  150  11:45  Siege Tank, SCV x2, Marine  
  166  11:52  Marine  
  166  11:53  Marine x2  
  169  11:54  SCV  
  169  11:55  SCV  
  169  11:57  SCV  
  172  12:05  Marine x6  
  172  12:06  Marine  
  172  12:08  Marine  
  168  12:17  Thor  
  168  12:18  Marine x3  
  168  12:22  Marine x2  
  159  12:23  Marine x2  
  159  12:24  Marine x3  
  159  12:25  Marine  
  159  12:26  Marine  
  159  12:27  Thor  
  169  12:36  Marine x3  
  161  12:40  Marine x3  
  161  12:41  Marine  
  161  12:42  Marine  
  161  12:45  Marine x4  
  148  12:54  Marine x2  
  148  12:57  Marine x2  
  130  12:58  Marine x3  
Show
View Real Time Build Order
Export as new Build Order

Hollow Zerg - Winner!

Build Orders: Hatch First 

Get SALT Encoding   

  12  0:01  Drone  
  13  0:13  Overlord  
  13  0:17  Drone  
  14  0:32  Drone  
  14  0:33  Drone  
  16  0:50  Hatchery  
  16  0:52  Drone  
  16  0:56  Drone  
  17  1:00  Drone  
  18  1:11  Extractor  
  18  1:15  Spawning Pool  
  16  1:18  Drone  
  16  1:21  Drone  
  18  1:31  Drone  
  19  1:43  Drone  
  20  1:52  Drone  
  21  2:00  Overlord  
  21  2:02  Queen x2  
  21  2:03  Zergling x2  
  26  2:12  Drone  
  27  2:16  Metabolic Boost  
  27  2:22  Drone  
  28  2:26  Drone x2  
  30  2:31  Extractor  
  30  2:35  Drone  
  31  2:45  Queen  
  31  2:51  Drone x2  
  35  2:56  Drone  
  35  2:57  Hatchery, Drone  
  36  3:00  Overlord  
  36  3:09  Pneumatized Carapace  
  36  3:13  Overlord  
  36  3:25  Drone x2  
  36  3:26  Drone x3  
  40  3:36  Roach Warren  
  40  3:38  Drone x2  
  41  3:41  Drone  
  41  3:42  Drone  
  41  3:48  Zergling x6  
  46  3:53  Extractor, Drone  
  46  3:54  Extractor, Drone x3  
  48  3:56  Overlord  
  48  3:59  Queen  
  50  4:16  Queen  
  52  4:21  Drone x2  
  52  4:23  Lair  
  54  4:25  Roach  
  54  4:28  Roach  
  58  4:46  Roach x4  
  58  4:52  Overlord x2  
  65  5:02  Overlord x2  
  65  5:06  Spore Crawler  
  64  5:07  Spore Crawler  
  64  5:13  Evolution Chamber  
  64  5:14  Queen  
  62  5:15  Drone x4  
  68  5:23  Glial Reconstitution  
  68  5:24  Queen  
  70  5:31  Drone x6  
  70  5:32  Roach x4  
  84  5:35  Spore Crawler  
  83  5:47  Roach x5  
  83  5:49  Zerg Missile Weapons Level 1  
  93  5:50  Ravager  
  93  5:51  Ravager  
  95  6:05  Drone x2  
  95  6:08  Overlord x2  
  97  6:12  Overlord  
  97  6:13  Overseer  
  97  6:16  Hatchery  
  94  6:41  Drone  
  94  6:42  Drone x10  
  94  6:45  Extractor x2  
  103  6:47  Hydralisk Den  
  103  6:49  Evolution Chamber  
  99  7:10  Drone x3  
  102  7:18  Extractor  
  102  7:20  Infestation Pit, Drone x3  
  103  7:37  Grooved Spines  
  103  7:38  Hydralisk, Zerg Ground Armor Level 1  
  103  7:39  Hydralisk x7  
  119  7:44  Overlord x4  
  119  7:54  Overlord  
  119  7:55  Overlord x2, Hatchery  
  118  8:01  Hive  
  118  8:03  Spire, Zergling x4  
  118  8:04  Zergling x10  
  79  8:53  Zergling x36  
  79  8:54  Zergling x10  
  98  9:10  Hydralisk  
  98  9:11  Hydralisk x8  
  116  9:17  Greater Spire  
  116  9:23  Drone x10  
  126  9:28  Overlord  
  126  9:30  Drone  
  126  9:31  Drone x2  
  129  9:40  Zerg Melee Weapons Level 1  
  129  9:42  Zerg Ground Armor Level 2  
  129  9:55  Corruptor  
  129  9:56  Extractor x2, Corruptor x2  
  129  9:58  Corruptor  
  135  10:02  Corruptor  
  137  10:08  Drone x3  
  137  10:11  Corruptor x2  
  131  10:30  Zergling x18  
  131  10:31  Zergling x18  
  131  10:34  Brood Lord  
  127  10:46  Brood Lord  
  127  10:47  Brood Lord x3  
  126  11:00  Brood Lord x2  
  119  11:15  Hydralisk  
  119  11:16  Hydralisk x11  
  139  11:31  Overseer  
  139  11:39  Zergling x22  
  154  11:40  Zergling x16  
  154  11:45  Overlord  
  158  11:47  Overlord  
  158  11:49  Overlord  
  158  12:07  Hydralisk x6  
  158  12:08  Hydralisk x5  
  159  12:24  Zergling x22  
  159  12:25  Zergling x8  
  168  12:54  Zergling x12  
  168  12:55  Zergling x2  
Tags
 
Add a new tag
Caveats
  • Supply blocks, unpowered buildings, or Contaminate may cause inaccurate times.
  • Supply counts are checked every 10 seconds.